[ PARTIDA AOE2 · #476116573 ]
UnrankedMuiscas vs Sicilians
Equipo del jugador · DERR
[ ANÁLISIS DE REPETICIÓN · EXTRAÍDO DE LA PARTIDA GRABADA ]
Feudal
11:21
Castillos
14:53
Imperial
29:31
| APM promedio | 54.9 |
| APM pico | 115 |
| eAPM promedio | 23.6 |
| Aldeanos / militares | 192 / 8 |
Foco
⚔️ 32.5% · 🌾 67.5%
Unknown (2562) ×45 · Unknown (2586) ×25 · Mangonel ×3 · Trebuchet (Packed) ×3 · Monk ×2
Feudal
11:55
Castillos
15:50
Imperial
31:20
| APM promedio | 75.6 |
| APM pico | 181 |
| eAPM promedio | 54.9 |
| Aldeanos / militares | 200 / 85 |
Foco
⚔️ 72.2% · 🌾 27.8%
Rattan Archer ×79 · Trebuchet (Packed) ×6
Feudal
8:51
Castillos
25:55
Imperial
—
| APM promedio | 42.8 |
| APM pico | 96 |
| eAPM promedio | 15.8 |
| Aldeanos / militares | 72 / 46 |
Foco
⚔️ 27.4% · 🌾 72.6%
Serjeant ×37 · Archer ×6 · Mangonel ×3
Feudal
9:16
Castillos
23:57
Imperial
—
| APM promedio | 51.5 |
| APM pico | 84 |
| eAPM promedio | 20.7 |
| Aldeanos / militares | 72 / 49 |
Foco
⚔️ 42.5% · 🌾 57.5%
Unknown (1974) ×43 · Militia ×39 · Archer ×5 · Skirmisher ×5
Feudal
8:52
Castillos
20:12
Imperial
33:17
| APM promedio | 35.2 |
| APM pico | 73 |
| eAPM promedio | 22.7 |
| Aldeanos / militares | 143 / 4 |
Foco
⚔️ 28.5% · 🌾 71.5%
Unknown (1949) ×7 · Unknown (1942) ×5 · Mangonel ×3 · Monk ×1
Feudal
8:26
Castillos
22:56
Imperial
—
| APM promedio | 60.0 |
| APM pico | 100 |
| eAPM promedio | 40.9 |
| Aldeanos / militares | 112 / 43 |
Foco
⚔️ 33.4% · 🌾 66.6%
Ghulam ×15 · Camel Scout ×12 · Petard ×6 · Spearman ×6 · Scout Cavalry ×2 · Armored Elephant ×2
Feudal
10:06
Castillos
14:06
Imperial
34:54
| APM promedio | 56.7 |
| APM pico | 94 |
| eAPM promedio | 27.8 |
| Aldeanos / militares | 149 / 94 |
Foco
⚔️ 42.1% · 🌾 57.9%
Cavalry Archer ×93 · Archer ×1
Feudal
11:21
Castillos
14:52
Imperial
35:35
| APM promedio | 47.1 |
| APM pico | 79 |
| eAPM promedio | 27.5 |
| Aldeanos / militares | 135 / 60 |
Foco
⚔️ 29.1% · 🌾 70.9%
Knight ×43 · Monk ×5 · Monaspa ×5 · Scout Cavalry ×4 · Mangonel ×1 · Spearman ×1
Mapa de la partida
Recursos iniciales + cada clic de construcción. Líneas = muros · curvas = relieve. ◆ oro · ⬟ piedra · ● bayas · ✦ reliquia · ◌ hueco del cierre
Tu base· ✓ Cerrada en 14:53 · 0t muro · 4 puerta(s)
Base de Ux'LobodeLaNieve· ✓ Cerrada en 15:50 · 0t muro · 3 puerta(s)
Base de KekB_Perce1992· ✓ Cerrada en 25:55 · 43t muro · 2 puerta(s)
Base de deev· ✓ Cerrada en 23:57 · 0t muro · 4 puerta(s)
Base de Molle· ✓ Cerrada en 20:12 · 47t muro · 4 puerta(s)
Base de 4 doors more whores· ✓ Cerrada en 22:56 · 14t muro · 5 puerta(s)
Base de MrLokura· ✓ Cerrada en 14:06 · 0t muro · 2 puerta(s)
Base de LM | MaisterNippon· ✓ Cerrada en 14:52 · 4t muro · 2 puerta(s)
Terreno inicial suavizado · ◌ = hueco del cierre detectado · pasá el cursor para detalles
Inputs por minuto
— facu - - Ux'LobodeLaNieve
Build order — facu
Primeras 150 de 436 acciones detectadas
| 0:01 | Crear | Villager (Male) |
| 0:01 | Crear | Villager (Male) |
| 0:02 | Crear | Villager (Male) |
| 0:02 | Crear | Villager (Male) |
| 0:03 | Construir | House |
| 0:04 | Construir | House |
| 1:26 | Crear | Villager (Male) |
| 1:59 | Construir | Settlement |
| 2:01 | Crear | Villager (Male) |
| 2:01 | Crear | Villager (Male) |
| 2:02 | Crear | Villager (Male) |
| 2:26 | Crear | Villager (Male) |
| 3:01 | Crear | Villager (Male) |
| 3:01 | Crear | Villager (Male) |
| 3:35 | Crear | Villager (Male) |
| 3:53 | Construir | Settlement |
| 4:09 | Crear | Villager (Male) |
| 4:09 | Crear | Villager (Male) |
| 4:35 | Crear | Villager (Male) |
| 4:55 | Crear | Villager (Male) |
| 5:16 | Crear | Villager (Male) |
| 5:38 | Crear | Villager (Male) |
| 6:14 | Crear | Villager (Male) |
| 6:28 | Crear | Villager (Male) |
| 6:57 | Crear | Villager (Male) |
| 7:02 | Construir | Farm |
| 7:04 | Construir | Farm |
| 7:08 | Crear | Villager (Male) |
| 7:13 | Construir | Farm |
| 7:39 | Crear | Villager (Male) |
| 8:02 | Construir | House |
| 8:19 | Crear | Villager (Male) |
| 8:31 | Construir | Farm |
| 8:36 | Crear | Villager (Male) |
| 8:44 | Construir | Farm |
| 8:46 | Construir | Farm |
| 8:51 | Investigar | Feudal Age |
| 10:46 | Crear | Villager (Male) |
| 10:47 | Crear | Villager (Male) |
| 11:21 | Edad | Edad Feudal |
| 11:23 | Construir | Market |
| 11:24 | Construir | Blacksmith |
| 11:35 | Investigar | Double-Bit Axe |
| 12:05 | Investigar | Horse Collar |
| 12:13 | Investigar | Castle Age |
| 12:13 | Investigar | Castle Age |
| 12:17 | Construir | Farm |
| 12:19 | Construir | Farm |
| 13:07 | Construir | House |
| 14:04 | Crear | Villager (Male) |
| 14:04 | Crear | Villager (Male) |
| 14:53 | Edad | Edad de los Castillos |
| 14:55 | Construir | Town Center |
| 14:57 | Construir | Town Center |
| 15:01 | Crear | Villager (Male) |
| 15:09 | Construir | Town Center |
| 15:54 | Crear | Villager (Male) |
| 15:58 | Investigar | Bow Saw |
| 16:18 | Crear | Villager (Male) |
| 16:18 | Crear | Villager (Male) |
| 16:26 | Construir | House |
| 16:28 | Construir | Farm |
| 16:31 | Crear | Villager (Male) |
| 16:31 | Crear | Villager (Male) |
| 16:41 | Construir | Farm |
| 16:41 | Construir | Farm |
| 17:00 | Construir | Farm |
| 17:09 | Crear | Villager (Male) |
| 17:13 | Crear | Villager (Male) |
| 17:13 | Crear | Villager (Male) |
| 17:13 | Crear | Villager (Male) |
| 17:14 | Crear | Villager (Male) |
| 17:14 | Crear | Villager (Male) |
| 17:14 | Crear | Villager (Male) |
| 17:15 | Crear | Villager (Male) |
| 17:20 | Investigar | Heavy Plow |
| 17:30 | Construir | House |
| 17:34 | Crear | Villager (Male) |
| 17:42 | Construir | Farm |
| 17:43 | Construir | Farm |
| 17:44 | Construir | Farm |
| 17:46 | Construir | Farm |
| 17:46 | Crear | Villager (Male) |
| 17:48 | Construir | Farm |
| 17:48 | Construir | Farm |
| 17:54 | Construir | Farm |
| 17:57 | Construir | House |
| 18:11 | Crear | Villager (Male) |
| 18:21 | Construir | Siege Workshop |
| 18:23 | Crear | Villager (Male) |
| 18:23 | Crear | Villager (Male) |
| 18:29 | Construir | Farm |
| 18:31 | Construir | Farm |
| 18:43 | Crear | Villager (Male) |
| 18:43 | Crear | Villager (Male) |
| 18:44 | Crear | Villager (Male) |
| 18:51 | Construir | Monastery |
| 18:55 | Crear | Villager (Male) |
| 18:55 | Crear | Villager (Male) |
| 19:13 | Crear | Villager (Male) |
| 19:13 | Crear | Villager (Male) |
| 19:15 | Crear | Mangonel |
| 19:18 | Crear | Villager (Male) |
| 19:19 | Crear | Villager (Male) |
| 19:23 | Construir | Farm |
| 19:23 | Construir | Farm |
| 19:27 | Construir | Farm |
| 19:28 | Construir | Farm |
| 19:28 | Construir | Farm |
| 19:29 | Crear | Villager (Male) |
| 19:29 | Crear | Villager (Male) |
| 19:34 | Construir | Farm |
| 19:39 | Crear | Villager (Male) |
| 19:48 | Crear | Villager (Male) |
| 19:49 | Crear | Villager (Male) |
| 19:53 | Construir | Farm |
| 19:54 | Construir | Farm |
| 19:55 | Construir | Farm |
| 19:56 | Crear | Villager (Male) |
| 19:56 | Crear | Villager (Male) |
| 20:07 | Crear | Villager (Male) |
| 20:08 | Crear | Villager (Male) |
| 20:13 | Crear | Monk |
| 20:13 | Crear | Monk |
| 20:17 | Crear | Villager (Male) |
| 20:18 | Crear | Villager (Male) |
| 20:21 | Construir | House |
| 20:26 | Crear | Villager (Male) |
| 20:26 | Crear | Villager (Male) |
| 20:32 | Crear | Villager (Male) |
| 20:32 | Crear | Villager (Male) |
| 20:47 | Crear | Villager (Male) |
| 20:50 | Construir | House |
| 20:53 | Crear | Villager (Male) |
| 21:05 | Construir | House |
| 21:08 | Crear | Villager (Male) |
| 21:08 | Crear | Villager (Male) |
| 21:10 | Construir | House |
| 21:13 | Crear | Villager (Male) |
| 21:14 | Construir | House |
| 21:16 | Crear | Villager (Male) |
| 21:16 | Crear | Villager (Male) |
| 21:24 | Crear | Mangonel |
| 21:27 | Crear | Villager (Male) |
| 21:28 | Crear | Villager (Male) |
| 21:28 | Crear | Villager (Male) |
| 21:31 | Construir | Settlement |
| 21:31 | Construir | Farm |
| 21:31 | Construir | Farm |
| 21:32 | Construir | Farm |
Build order — Ux'LobodeLaNieve
Primeras 150 de 363 acciones detectadas
| 0:02 | Crear | Villager (Male) |
| 0:02 | Crear | Villager (Male) |
| 0:03 | Construir | House |
| 0:04 | Construir | House |
| 0:06 | Crear | Villager (Male) |
| 0:07 | Crear | Villager (Male) |
| 1:25 | Crear | Villager (Male) |
| 1:25 | Crear | Villager (Male) |
| 1:40 | Crear | Villager (Male) |
| 1:40 | Crear | Villager (Male) |
| 1:50 | Construir | Lumber Camp |
| 2:22 | Crear | Villager (Male) |
| 2:41 | Crear | Villager (Male) |
| 2:41 | Crear | Villager (Male) |
| 3:07 | Crear | Villager (Male) |
| 3:28 | Crear | Villager (Male) |
| 3:28 | Crear | Villager (Male) |
| 3:52 | Construir | House |
| 3:55 | Construir | House |
| 3:55 | Construir | House |
| 4:02 | Crear | Villager (Male) |
| 4:02 | Crear | Villager (Male) |
| 4:15 | Crear | Villager (Male) |
| 4:41 | Construir | Mill |
| 4:41 | Crear | Villager (Male) |
| 4:42 | Crear | Villager (Male) |
| 5:35 | Crear | Villager (Male) |
| 5:35 | Crear | Villager (Male) |
| 5:36 | Crear | Villager (Male) |
| 5:36 | Crear | Villager (Male) |
| 5:51 | Crear | Villager (Male) |
| 5:55 | Crear | Villager (Male) |
| 6:16 | Crear | Villager (Male) |
| 6:24 | Construir | Mining Camp |
| 6:54 | Crear | Villager (Male) |
| 7:24 | Construir | Lumber Camp |
| 7:25 | Crear | Villager (Male) |
| 7:27 | Crear | Villager (Male) |
| 7:29 | Crear | Villager (Male) |
| 7:29 | Crear | Villager (Male) |
| 7:31 | Crear | Villager (Male) |
| 7:31 | Crear | Villager (Male) |
| 7:51 | Crear | Villager (Male) |
| 7:52 | Crear | Villager (Male) |
| 8:00 | Crear | Villager (Male) |
| 8:00 | Crear | Villager (Male) |
| 8:21 | Crear | Villager (Male) |
| 8:25 | Construir | Farm |
| 8:26 | Crear | Villager (Male) |
| 8:27 | Construir | Farm |
| 8:40 | Crear | Villager (Male) |
| 8:40 | Crear | Villager (Male) |
| 8:44 | Construir | Farm |
| 9:01 | Crear | Villager (Male) |
| 9:03 | Construir | Farm |
| 9:39 | Investigar | Feudal Age |
| 9:43 | Construir | Mining Camp |
| 10:23 | Crear | Villager (Male) |
| 11:55 | Edad | Edad Feudal |
| 11:56 | Crear | Villager (Male) |
| 11:57 | Construir | Market |
| 11:59 | Construir | Blacksmith |
| 12:01 | Construir | Blacksmith |
| 12:11 | Crear | Villager (Male) |
| 12:25 | Construir | House |
| 13:07 | Investigar | Castle Age |
| 13:30 | Investigar | Double-Bit Axe |
| 13:57 | Investigar | Horse Collar |
| 14:00 | Construir | Farm |
| 14:01 | Construir | Farm |
| 14:02 | Construir | Farm |
| 15:48 | Crear | Villager (Male) |
| 15:50 | Edad | Edad de los Castillos |
| 15:58 | Construir | Castle |
| 16:07 | Construir | Town Center |
| 16:09 | Crear | Villager (Male) |
| 16:10 | Investigar | Bow Saw |
| 16:13 | Crear | Villager (Male) |
| 16:17 | Construir | Town Center |
| 16:30 | Construir | Farm |
| 16:31 | Construir | Farm |
| 16:31 | Construir | Farm |
| 16:43 | Investigar | Fletching |
| 16:46 | Crear | Villager (Male) |
| 16:54 | Crear | Villager (Male) |
| 17:07 | Construir | Farm |
| 17:14 | Crear | Villager (Male) |
| 17:21 | Crear | Villager (Male) |
| 17:23 | Crear | Rattan Archer |
| 17:26 | Crear | Villager (Male) |
| 17:28 | Construir | Farm |
| 17:34 | Construir | Farm |
| 17:35 | Crear | Villager (Male) |
| 17:37 | Construir | Farm |
| 17:38 | Crear | Villager (Male) |
| 17:38 | Crear | Villager (Male) |
| 17:51 | Crear | Villager (Male) |
| 17:51 | Crear | Rattan Archer |
| 17:51 | Crear | Rattan Archer |
| 18:02 | Construir | Farm |
| 18:03 | Construir | Farm |
| 18:06 | Crear | Villager (Male) |
| 18:06 | Crear | Villager (Male) |
| 18:12 | Crear | Rattan Archer |
| 18:13 | Crear | Villager (Male) |
| 18:28 | Crear | Villager (Male) |
| 18:36 | Construir | Farm |
| 18:37 | Crear | Villager (Male) |
| 18:37 | Crear | Villager (Male) |
| 18:44 | Crear | Villager (Male) |
| 18:44 | Crear | Villager (Male) |
| 18:46 | Construir | Farm |
| 18:51 | Crear | Rattan Archer |
| 18:54 | Crear | Villager (Male) |
| 18:54 | Crear | Villager (Male) |
| 18:56 | Crear | Rattan Archer |
| 19:05 | Construir | Farm |
| 19:06 | Crear | Villager (Male) |
| 19:06 | Crear | Villager (Male) |
| 19:15 | Crear | Villager (Male) |
| 19:21 | Crear | Rattan Archer |
| 19:25 | Construir | Farm |
| 19:26 | Crear | Villager (Male) |
| 19:26 | Crear | Villager (Male) |
| 19:35 | Construir | Farm |
| 19:35 | Crear | Villager (Male) |
| 19:39 | Crear | Rattan Archer |
| 19:44 | Crear | Villager (Male) |
| 19:52 | Construir | House |
| 19:53 | Construir | House |
| 19:54 | Crear | Villager (Male) |
| 19:58 | Construir | Farm |
| 20:01 | Crear | Villager (Male) |
| 20:02 | Crear | Rattan Archer |
| 20:09 | Crear | Villager (Male) |
| 20:12 | Crear | Rattan Archer |
| 20:16 | Crear | Villager (Male) |
| 20:23 | Crear | Rattan Archer |
| 20:26 | Crear | Villager (Male) |
| 20:30 | Crear | Villager (Male) |
| 20:30 | Crear | Villager (Male) |
| 20:34 | Construir | House |
| 20:44 | Investigar | Wheelbarrow |
| 20:55 | Crear | Villager (Male) |
| 20:55 | Crear | Villager (Male) |
| 20:58 | Crear | Villager (Male) |
| 21:06 | Construir | Town Center |
| 21:11 | Construir | Farm |
| 21:12 | Crear | Villager (Male) |
| 21:17 | Crear | Villager (Male) |
Build order — KekB_Perce1992
Primeras 150 de 199 acciones detectadas
| 0:00 | Crear | Villager (Male) |
| 0:01 | Crear | Villager (Male) |
| 0:01 | Crear | Villager (Male) |
| 0:01 | Crear | Villager (Male) |
| 0:02 | Crear | Villager (Male) |
| 0:03 | Construir | House |
| 0:04 | Construir | House |
| 1:30 | Crear | Villager (Male) |
| 1:30 | Crear | Villager (Male) |
| 1:45 | Construir | Lumber Camp |
| 1:48 | Crear | Villager (Male) |
| 2:19 | Crear | Villager (Male) |
| 2:41 | Crear | Villager (Male) |
| 2:42 | Crear | Villager (Male) |
| 3:20 | Crear | Villager (Male) |
| 3:32 | Crear | Villager (Male) |
| 3:48 | Construir | House |
| 3:54 | Crear | Villager (Male) |
| 4:27 | Crear | Villager (Male) |
| 4:30 | Construir | Mill |
| 5:00 | Crear | Villager (Male) |
| 5:25 | Crear | Villager (Male) |
| 5:36 | Crear | Villager (Male) |
| 6:06 | Investigar | Loom |
| 6:33 | Construir | Mining Camp |
| 6:36 | Investigar | Feudal Age |
| 7:21 | Crear | Villager (Male) |
| 7:21 | Crear | Villager (Male) |
| 7:25 | Construir | House |
| 8:21 | Construir | Donjon |
| 8:51 | Edad | Edad Feudal |
| 9:24 | Construir | Donjon |
| 9:41 | Crear | Villager (Male) |
| 10:04 | Crear | Villager (Male) |
| 10:26 | Crear | Villager (Male) |
| 10:39 | Construir | Donjon |
| 10:41 | Crear | Villager (Male) |
| 10:44 | Construir | Mining Camp |
| 11:01 | Crear | Villager (Male) |
| 11:18 | Construir | Archery Range |
| 11:20 | Crear | Villager (Male) |
| 11:35 | Crear | Serjeant |
| 11:35 | Crear | Serjeant |
| 11:38 | Construir | House |
| 12:08 | Crear | Serjeant |
| 12:08 | Crear | Serjeant |
| 12:21 | Crear | Villager (Male) |
| 12:49 | Crear | Villager (Male) |
| 12:49 | Crear | Villager (Male) |
| 12:51 | Construir | House |
| 13:21 | Crear | Villager (Male) |
| 13:26 | Crear | Archer |
| 13:27 | Crear | Archer |
| 13:59 | Crear | Villager (Male) |
| 14:22 | Crear | Serjeant |
| 14:22 | Crear | Serjeant |
| 14:23 | Crear | Archer |
| 14:24 | Crear | Archer |
| 14:26 | Construir | House |
| 14:27 | Construir | House |
| 14:44 | Construir | Farm |
| 14:45 | Construir | Farm |
| 14:45 | Construir | Farm |
| 14:45 | Construir | Farm |
| 14:46 | Construir | Farm |
| 14:46 | Construir | Farm |
| 14:50 | Construir | Farm |
| 14:53 | Crear | Archer |
| 15:07 | Crear | Serjeant |
| 15:22 | Crear | Serjeant |
| 15:23 | Crear | Serjeant |
| 15:37 | Construir | Farm |
| 15:37 | Construir | Farm |
| 15:38 | Construir | Farm |
| 15:40 | Construir | House |
| 15:47 | Crear | Villager (Male) |
| 15:48 | Crear | Villager (Male) |
| 16:00 | Crear | Villager (Male) |
| 16:02 | Construir | House |
| 16:07 | Crear | Villager (Male) |
| 16:49 | Construir | Blacksmith |
| 16:53 | Crear | Archer |
| 16:55 | Crear | Villager (Male) |
| 17:06 | Crear | Villager (Male) |
| 17:24 | Crear | Serjeant |
| 17:24 | Crear | Serjeant |
| 17:26 | Crear | Villager (Male) |
| 17:49 | Crear | Serjeant |
| 17:50 | Crear | Serjeant |
| 17:53 | Investigar | Scale Mail Armor |
| 18:09 | Crear | Villager (Male) |
| 18:12 | Construir | Barracks |
| 18:21 | Crear | Serjeant |
| 18:21 | Crear | Serjeant |
| 18:28 | Construir | House |
| 18:29 | Construir | House |
| 18:40 | Construir | Donjon |
| 19:33 | Crear | Villager (Male) |
| 19:33 | Crear | Villager (Male) |
| 19:44 | Crear | Villager (Male) |
| 19:46 | Construir | Farm |
| 19:47 | Construir | Farm |
| 19:47 | Construir | Farm |
| 19:49 | Investigar | Horse Collar |
| 20:00 | Crear | Serjeant |
| 20:00 | Crear | Serjeant |
| 20:12 | Crear | Villager (Male) |
| 20:37 | Construir | Market |
| 20:54 | Crear | Serjeant |
| 20:55 | Crear | Serjeant |
| 20:55 | Crear | Serjeant |
| 20:55 | Crear | Serjeant |
| 21:21 | Investigar | Fletching |
| 21:38 | Crear | Villager (Male) |
| 21:38 | Crear | Villager (Male) |
| 21:50 | Crear | Villager (Male) |
| 21:52 | Construir | Farm |
| 21:52 | Construir | Farm |
| 21:53 | Construir | Farm |
| 21:53 | Construir | Farm |
| 21:53 | Construir | Farm |
| 21:53 | Construir | Farm |
| 21:54 | Construir | Farm |
| 21:54 | Construir | Farm |
| 22:42 | Construir | Stone Wall |
| 22:49 | Construir | Stone Wall |
| 23:15 | Investigar | Castle Age |
| 23:19 | Construir | Farm |
| 23:22 | Construir | House |
| 23:22 | Construir | House |
| 23:47 | Construir | Stone Wall |
| 23:47 | Construir | Stone Wall |
| 23:48 | Construir | Stone Wall |
| 24:06 | Construir | Stone Wall |
| 24:47 | Crear | Villager (Male) |
| 25:06 | Crear | Villager (Male) |
| 25:06 | Crear | Villager (Male) |
| 25:53 | Construir | Stone Wall |
| 25:54 | Construir | Stone Wall |
| 25:55 | Edad | Edad de los Castillos |
| 26:07 | Crear | Villager (Male) |
| 26:23 | Investigar | Double-Bit Axe |
| 26:28 | Crear | Villager (Male) |
| 26:53 | Construir | Siege Workshop |
| 27:11 | Construir | Siege Workshop |
| 27:13 | Crear | Villager (Male) |
| 27:25 | Crear | Villager (Male) |
| 27:36 | Construir | House |
| 27:37 | Construir | House |
| 27:44 | Construir | House |
Build order — deev
Primeras 150 de 233 acciones detectadas
| 0:01 | Crear | Villager (Male) ×4 |
| 0:03 | Construir | House |
| 0:04 | Construir | House |
| 1:28 | Crear | Villager (Male) |
| 1:28 | Crear | Villager (Male) |
| 1:59 | Crear | Villager (Male) |
| 1:59 | Crear | Villager (Male) |
| 2:14 | Construir | Lumber Camp |
| 2:27 | Crear | Villager (Male) |
| 2:42 | Crear | Villager (Male) |
| 2:59 | Construir | House |
| 3:09 | Crear | Villager (Male) |
| 3:10 | Crear | Villager (Male) |
| 3:20 | Construir | House |
| 3:30 | Crear | Villager (Male) |
| 3:30 | Crear | Villager (Male) |
| 3:53 | Crear | Villager (Male) |
| 4:42 | Crear | Villager (Male) |
| 5:48 | Crear | Villager (Male) |
| 5:48 | Crear | Villager (Male) |
| 5:57 | Construir | Barracks |
| 6:40 | Crear | Villager (Male) |
| 6:59 | Construir | House |
| 7:01 | Investigar | Feudal Age |
| 7:05 | Crear | Militia |
| 7:18 | Crear | Militia |
| 7:30 | Construir | Mining Camp |
| 7:33 | Crear | Militia |
| 7:55 | Crear | Militia |
| 8:21 | Construir | Mill |
| 8:25 | Crear | Militia |
| 9:11 | Crear | Militia |
| 9:16 | Edad | Edad Feudal |
| 9:21 | Investigar | Man-at-Arms (upgrade) |
| 9:25 | Construir | Archery Range |
| 9:28 | Crear | Villager (Male) |
| 9:29 | Crear | Villager (Male) |
| 10:12 | Investigar | Arson |
| 10:14 | Crear | Skirmisher |
| 10:15 | Crear | Skirmisher |
| 10:27 | Crear | Militia |
| 10:28 | Crear | Militia |
| 10:47 | Crear | Archer |
| 10:56 | Construir | House |
| 10:58 | Construir | Farm |
| 11:14 | Crear | Villager (Male) |
| 11:16 | Construir | Farm |
| 11:26 | Crear | Archer |
| 11:28 | Crear | Militia |
| 11:41 | Construir | Farm |
| 11:42 | Crear | Villager (Male) |
| 11:53 | Construir | House |
| 12:09 | Crear | Villager (Male) |
| 12:27 | Crear | Villager (Male) |
| 12:32 | Construir | Farm |
| 12:54 | Construir | Farm |
| 12:55 | Crear | Villager (Male) |
| 12:58 | Crear | Archer |
| 12:59 | Crear | Archer |
| 13:00 | Crear | Militia |
| 13:23 | Construir | Farm |
| 13:26 | Construir | House |
| 13:56 | Construir | Farm |
| 13:58 | Crear | Villager (Male) |
| 14:00 | Construir | Farm |
| 14:04 | Crear | Villager (Male) |
| 14:05 | Investigar | Double-Bit Axe |
| 14:08 | Crear | Militia |
| 14:37 | Construir | House |
| 14:38 | Crear | Villager (Male) |
| 14:44 | Crear | Militia |
| 14:47 | Crear | Archer |
| 15:08 | Construir | Farm |
| 15:09 | Crear | Villager (Male) |
| 15:28 | Investigar | Loom |
| 15:29 | Crear | Villager (Male) |
| 15:35 | Construir | Blacksmith |
| 15:39 | Crear | Militia |
| 15:49 | Investigar | Wheelbarrow |
| 15:55 | Construir | Farm |
| 16:14 | Construir | House |
| 16:22 | Investigar | Horse Collar |
| 16:42 | Investigar | Scale Mail Armor |
| 16:46 | Crear | Villager (Male) |
| 16:48 | Construir | House |
| 16:51 | Construir | Farm |
| 17:18 | Crear | Skirmisher |
| 17:18 | Crear | Skirmisher |
| 17:20 | Investigar | Fletching |
| 17:36 | Crear | Skirmisher |
| 18:24 | Construir | Farm |
| 18:25 | Construir | Farm |
| 19:08 | Investigar | Forging |
| 19:34 | Construir | Mining Camp |
| 20:06 | Construir | House |
| 20:08 | Construir | House |
| 20:10 | Construir | House |
| 20:15 | Construir | House |
| 20:24 | Crear | Villager (Male) |
| 20:26 | Construir | Lumber Camp |
| 21:00 | Construir | Farm |
| 21:01 | Construir | Farm |
| 21:08 | Construir | Farm |
| 21:17 | Investigar | Castle Age |
| 21:35 | Construir | Mill |
| 21:36 | Construir | Farm |
| 21:37 | Construir | Farm |
| 22:04 | Construir | Barracks |
| 22:23 | Construir | Farm |
| 22:26 | Construir | Farm |
| 23:10 | Construir | Palisade Gate |
| 23:21 | Crear | Militia |
| 23:22 | Crear | Militia |
| 23:22 | Crear | Militia |
| 23:29 | Crear | Militia |
| 23:57 | Edad | Edad de los Castillos |
| 23:58 | Investigar | Long Swordsman (upgrade) |
| 23:59 | Investigar | Chain Mail Armor |
| 24:01 | Crear | Villager (Male) |
| 24:03 | Construir | Town Center |
| 24:04 | Investigar | Bow Saw |
| 24:12 | Construir | Barracks |
| 24:28 | Investigar | Squires |
| 24:47 | Crear | Villager (Male) |
| 24:52 | Investigar | Gold Mining |
| 25:24 | Crear | Villager (Male) |
| 25:26 | Investigar | Heavy Plow |
| 25:30 | Crear | Militia |
| 25:30 | Crear | Unit 1974 |
| 25:30 | Crear | Militia |
| 25:30 | Crear | Unit 1974 |
| 25:30 | Crear | Militia |
| 25:30 | Crear | Unit 1974 |
| 25:38 | Construir | Farm |
| 25:39 | Construir | Farm |
| 25:39 | Construir | Farm |
| 25:41 | Crear | Villager (Male) |
| 25:47 | Crear | Unit 1974 |
| 25:51 | Construir | Farm |
| 26:09 | Crear | Villager (Male) |
| 26:09 | Crear | Villager (Male) |
| 26:11 | Construir | Farm |
| 26:14 | Construir | Farm |
| 26:16 | Construir | Farm |
| 26:26 | Crear | Militia |
| 26:30 | Construir | Farm |
| 26:40 | Construir | House |
| 26:40 | Construir | House |
| 26:48 | Crear | Unit 1974 |
| 26:49 | Crear | Militia |
Build order — Molle
Primeras 150 de 338 acciones detectadas
| 0:01 | Crear | Villager (Male) |
| 0:01 | Crear | Villager (Male) |
| 0:02 | Crear | Villager (Male) |
| 0:02 | Construir | House |
| 0:04 | Construir | House |
| 0:13 | Crear | Villager (Male) |
| 1:30 | Crear | Villager (Male) |
| 1:44 | Construir | Lumber Camp |
| 2:05 | Crear | Villager (Male) |
| 2:15 | Crear | Villager (Male) |
| 2:36 | Crear | Villager (Male) |
| 3:12 | Crear | Villager (Male) |
| 3:32 | Construir | House |
| 3:34 | Crear | Villager (Male) |
| 3:36 | Crear | Villager (Male) |
| 3:49 | Crear | Villager (Male) |
| 4:27 | Crear | Villager (Male) |
| 4:53 | Crear | Villager (Male) |
| 4:55 | Crear | Villager (Male) |
| 5:07 | Construir | Mill |
| 6:02 | Crear | Villager (Male) |
| 6:42 | Investigar | Feudal Age |
| 7:10 | Construir | House |
| 7:20 | Construir | Mining Camp |
| 7:36 | Construir | House |
| 8:07 | Construir | House |
| 8:14 | Construir | Palisade Wall |
| 8:15 | Construir | Palisade Wall |
| 8:25 | Crear | Villager (Male) |
| 8:33 | Investigar | Loom |
| 8:35 | Crear | Villager (Male) |
| 8:52 | Edad | Edad Feudal |
| 9:01 | Construir | Watch Tower |
| 9:03 | Construir | Palisade Gate |
| 9:29 | Crear | Villager (Male) |
| 9:43 | Crear | Villager (Male) |
| 9:45 | Investigar | Double-Bit Axe |
| 9:46 | Investigar | Horse Collar |
| 10:07 | Crear | Villager (Male) |
| 10:30 | Crear | Villager (Male) |
| 10:35 | Construir | Farm |
| 10:35 | Construir | Farm |
| 10:40 | Construir | Farm |
| 11:05 | Construir | Gate |
| 11:07 | Construir | House |
| 11:17 | Construir | House |
| 11:19 | Crear | Villager (Male) |
| 11:21 | Construir | Farm |
| 11:22 | Construir | Farm |
| 11:26 | Construir | House |
| 11:31 | Investigar | Town Watch |
| 11:44 | Construir | Watch Tower |
| 11:48 | Construir | House |
| 11:56 | Construir | Palisade Gate |
| 11:58 | Construir | House |
| 12:00 | Crear | Villager (Male) |
| 12:03 | Construir | Farm |
| 12:12 | Crear | Villager (Male) |
| 12:23 | Construir | Stone Wall |
| 12:31 | Construir | Farm |
| 12:34 | Crear | Villager (Male) |
| 12:45 | Investigar | Wheelbarrow |
| 13:04 | Crear | Villager (Male) |
| 13:12 | Construir | Outpost |
| 13:21 | Crear | Villager (Male) |
| 13:43 | Construir | Outpost |
| 14:02 | Construir | Outpost |
| 14:06 | Construir | Stone Wall |
| 14:10 | Construir | Stone Wall |
| 14:17 | Crear | Villager (Male) |
| 14:18 | Construir | Farm |
| 14:23 | Construir | Farm |
| 14:24 | Construir | Farm |
| 14:45 | Construir | Stone Wall |
| 14:52 | Construir | Stone Wall |
| 14:56 | Construir | Farm |
| 14:58 | Construir | Farm |
| 15:01 | Crear | Villager (Male) |
| 15:10 | Construir | Mining Camp |
| 15:23 | Crear | Villager (Male) |
| 15:48 | Construir | Market |
| 15:53 | Construir | Outpost |
| 16:04 | Construir | Outpost |
| 16:05 | Crear | Villager (Male) |
| 16:25 | Crear | Villager (Male) |
| 16:46 | Construir | Blacksmith |
| 16:54 | Construir | House |
| 16:58 | Crear | Villager (Male) |
| 17:32 | Investigar | Castle Age |
| 17:33 | Investigar | Castle Age |
| 18:04 | Construir | Stone Wall |
| 18:05 | Construir | Stone Wall |
| 18:09 | Crear | Villager (Male) |
| 18:11 | Investigar | Gold Mining |
| 18:12 | Investigar | Stone Mining |
| 19:20 | Crear | Villager (Male) |
| 20:02 | Crear | Villager (Male) |
| 20:12 | Edad | Edad de los Castillos |
| 20:14 | Construir | Town Center |
| 20:19 | Construir | Town Center |
| 20:22 | Investigar | Bow Saw |
| 20:26 | Investigar | Heavy Plow |
| 20:45 | Construir | Stone Wall |
| 20:53 | Crear | Villager (Male) |
| 20:59 | Construir | Outpost |
| 21:01 | Construir | Outpost |
| 21:07 | Crear | Villager (Male) |
| 21:15 | Crear | Villager (Male) |
| 21:17 | Crear | Villager (Male) |
| 21:26 | Construir | Town Center |
| 21:45 | Crear | Villager (Male) |
| 21:47 | Construir | Farm |
| 21:51 | Construir | Farm |
| 21:53 | Crear | Villager (Male) |
| 22:41 | Crear | Villager (Male) |
| 22:43 | Crear | Villager (Male) |
| 22:45 | Construir | Farm |
| 22:45 | Construir | Farm |
| 22:46 | Construir | Farm |
| 22:46 | Construir | Farm |
| 22:50 | Crear | Villager (Male) |
| 22:51 | Crear | Villager (Male) |
| 22:52 | Crear | Villager (Male) |
| 22:52 | Crear | Villager (Male) |
| 22:52 | Crear | Villager (Male) |
| 22:53 | Crear | Villager (Male) |
| 22:53 | Crear | Villager (Male) |
| 22:58 | Crear | Villager (Male) |
| 23:06 | Construir | Stone Wall |
| 23:08 | Crear | Villager (Male) |
| 23:22 | Construir | Stone Wall |
| 23:26 | Construir | University |
| 23:28 | Crear | Villager (Male) |
| 23:33 | Construir | Stone Wall |
| 23:39 | Construir | Stone Wall |
| 23:40 | Construir | Stone Wall |
| 23:44 | Crear | Villager (Male) |
| 23:45 | Crear | Villager (Male) ×5 |
| 23:51 | Construir | Farm |
| 24:01 | Crear | Villager (Male) |
| 24:03 | Crear | Villager (Male) |
| 24:06 | Construir | Town Center |
| 24:14 | Crear | Villager (Male) |
| 24:32 | Crear | Villager (Male) |
| 24:34 | Construir | Farm |
| 24:35 | Construir | Farm |
| 24:39 | Crear | Villager (Male) |
| 24:41 | Construir | Farm |
| 24:43 | Construir | Farm |
| 24:44 | Crear | Villager (Male) |
Build order — 4 doors more whores
Primeras 150 de 306 acciones detectadas
| 0:01 | Crear | Villager (Male) |
| 0:02 | Crear | Villager (Male) |
| 0:02 | Construir | House |
| 0:03 | Construir | House |
| 0:10 | Crear | Villager (Male) |
| 0:10 | Crear | Villager (Male) |
| 1:00 | Crear | Villager (Male) |
| 1:41 | Crear | Villager (Male) |
| 1:56 | Construir | Lumber Camp |
| 2:00 | Crear | Villager (Male) |
| 2:37 | Crear | Villager (Male) |
| 2:37 | Crear | Villager (Male) |
| 2:52 | Crear | Villager (Male) |
| 3:28 | Construir | House |
| 3:28 | Construir | House |
| 3:41 | Crear | Villager (Male) |
| 4:05 | Crear | Villager (Male) |
| 4:07 | Construir | Palisade Wall |
| 4:12 | Crear | Villager (Male) |
| 4:58 | Construir | Mill |
| 5:06 | Crear | Villager (Male) |
| 5:18 | Investigar | Loom |
| 6:15 | Investigar | Feudal Age |
| 7:39 | Crear | Villager (Male) |
| 7:49 | Construir | Mining Camp |
| 7:54 | Crear | Villager (Male) |
| 8:14 | Crear | Villager (Male) |
| 8:26 | Edad | Edad Feudal |
| 8:32 | Construir | Watch Tower |
| 8:33 | Investigar | Double-Bit Axe |
| 8:35 | Crear | Villager (Male) |
| 8:50 | Construir | Palisade Wall |
| 8:56 | Construir | Palisade Wall |
| 9:25 | Crear | Villager (Male) |
| 9:26 | Crear | Villager (Male) |
| 9:52 | Crear | Villager (Male) |
| 9:52 | Crear | Villager (Male) |
| 10:07 | Crear | Villager (Male) |
| 10:07 | Crear | Villager (Male) |
| 10:15 | Construir | House |
| 10:20 | Construir | House |
| 10:21 | Construir | House |
| 10:38 | Construir | Watch Tower |
| 10:40 | Crear | Villager (Male) |
| 10:41 | Crear | Villager (Male) |
| 10:48 | Crear | Villager (Male) |
| 11:05 | Construir | Market |
| 11:07 | Crear | Villager (Male) |
| 11:22 | Crear | Villager (Male) |
| 11:22 | Crear | Villager (Male) |
| 12:01 | Crear | Villager (Male) |
| 12:01 | Crear | Villager (Male) |
| 12:02 | Crear | Villager (Male) |
| 12:10 | Construir | Farm |
| 12:10 | Construir | Farm |
| 12:11 | Construir | Farm |
| 12:11 | Construir | Farm |
| 12:12 | Crear | Villager (Male) |
| 12:26 | Crear | Villager (Male) |
| 12:54 | Crear | Villager (Male) |
| 12:59 | Construir | Farm |
| 13:01 | Crear | Villager (Male) |
| 13:07 | Construir | Watch Tower |
| 13:21 | Construir | Farm |
| 13:22 | Construir | Farm |
| 13:23 | Crear | Villager (Male) |
| 14:02 | Construir | Watch Tower |
| 14:18 | Construir | House |
| 14:25 | Construir | Palisade Wall |
| 14:28 | Construir | Palisade Gate |
| 15:11 | Crear | Villager (Male) |
| 15:11 | Crear | Villager (Male) |
| 15:13 | Construir | Farm |
| 15:13 | Construir | Farm |
| 15:13 | Construir | Farm |
| 15:13 | Construir | Farm |
| 15:16 | Crear | Villager (Male) |
| 15:16 | Crear | Villager (Male) |
| 15:16 | Crear | Villager (Male) |
| 15:16 | Crear | Villager (Male) |
| 15:28 | Construir | House |
| 15:32 | Crear | Villager (Male) |
| 15:33 | Crear | Villager (Male) |
| 15:33 | Crear | Villager (Male) |
| 15:34 | Construir | Farm |
| 15:38 | Construir | Farm |
| 15:40 | Construir | Farm |
| 16:03 | Construir | Palisade Wall |
| 16:05 | Construir | Palisade Wall |
| 16:07 | Construir | Palisade Wall |
| 16:08 | Construir | Palisade Wall |
| 16:32 | Construir | Mining Camp |
| 16:35 | Construir | House |
| 16:54 | Construir | Palisade Wall |
| 16:55 | Construir | Palisade Wall |
| 17:26 | Crear | Villager (Male) |
| 17:26 | Crear | Villager (Male) |
| 17:38 | Crear | Villager (Male) |
| 17:38 | Crear | Villager (Male) |
| 17:38 | Crear | Villager (Male) |
| 17:52 | Crear | Villager (Male) |
| 17:53 | Crear | Villager (Male) |
| 18:13 | Construir | Barracks |
| 18:28 | Construir | Palisade Gate |
| 18:33 | Construir | Palisade Gate |
| 18:35 | Construir | Palisade Wall |
| 18:36 | Construir | Palisade Wall |
| 18:50 | Crear | Villager (Male) |
| 18:50 | Crear | Villager (Male) |
| 18:51 | Construir | Palisade Wall |
| 18:54 | Construir | Palisade Wall |
| 18:56 | Construir | Palisade Wall |
| 18:58 | Construir | Palisade Wall |
| 19:05 | Crear | Spearman |
| 19:05 | Crear | Spearman |
| 19:17 | Crear | Villager (Male) |
| 19:18 | Construir | House |
| 19:30 | Construir | House |
| 19:40 | Construir | Blacksmith |
| 20:07 | Crear | Spearman |
| 20:16 | Investigar | Castle Age |
| 20:50 | Construir | Stable |
| 21:00 | Crear | Villager (Male) |
| 21:06 | Construir | Outpost |
| 21:48 | Construir | House |
| 21:48 | Construir | House |
| 21:50 | Crear | Scout Cavalry |
| 21:51 | Crear | Scout Cavalry |
| 21:53 | Crear | Villager (Male) |
| 21:55 | Construir | Farm |
| 21:55 | Construir | Farm |
| 21:58 | Construir | Lumber Camp |
| 22:01 | Crear | Villager (Male) |
| 22:03 | Construir | Farm |
| 22:04 | Construir | Farm |
| 22:11 | Crear | Spearman |
| 22:11 | Crear | Spearman |
| 22:34 | Construir | House |
| 22:35 | Construir | House |
| 22:47 | Crear | Spearman |
| 22:56 | Edad | Edad de los Castillos |
| 22:59 | Crear | Camel Scout |
| 23:00 | Crear | Camel Scout |
| 23:07 | Crear | Villager (Male) |
| 23:07 | Crear | Villager (Male) |
| 23:09 | Construir | Castle |
| 23:36 | Crear | Villager (Male) |
| 23:37 | Crear | Villager (Male) |
| 23:38 | Construir | Farm |
| 23:38 | Construir | Farm |
Build order — MrLokura
Primeras 150 de 420 acciones detectadas
| 0:01 | Crear | Villager (Male) |
| 0:01 | Crear | Villager (Male) |
| 0:02 | Construir | House |
| 0:04 | Construir | House |
| 0:06 | Crear | Villager (Male) |
| 0:08 | Crear | Villager (Male) |
| 0:08 | Crear | Villager (Male) |
| 1:34 | Crear | Villager (Male) |
| 1:35 | Crear | Villager (Male) |
| 1:46 | Construir | Lumber Camp |
| 2:00 | Crear | Villager (Male) |
| 2:00 | Crear | Villager (Male) |
| 2:10 | Crear | Villager (Male) |
| 2:11 | Crear | Villager (Male) |
| 2:53 | Crear | Villager (Male) |
| 2:53 | Crear | Villager (Male) |
| 3:10 | Construir | House |
| 3:13 | Construir | House |
| 3:21 | Crear | Villager (Male) |
| 3:22 | Crear | Villager (Male) |
| 3:32 | Crear | Villager (Male) |
| 3:32 | Crear | Villager (Male) |
| 3:48 | Crear | Villager (Male) |
| 3:49 | Crear | Villager (Male) |
| 4:19 | Crear | Villager (Male) |
| 4:19 | Crear | Villager (Male) |
| 4:19 | Crear | Villager (Male) |
| 4:36 | Construir | Mill |
| 4:51 | Crear | Villager (Male) |
| 4:52 | Crear | Villager (Male) |
| 4:57 | Crear | Villager (Male) |
| 5:11 | Crear | Villager (Male) |
| 6:11 | Crear | Villager (Male) |
| 6:11 | Crear | Villager (Male) |
| 6:44 | Crear | Villager (Male) |
| 7:26 | Construir | Farm |
| 7:50 | Investigar | Feudal Age |
| 7:51 | Investigar | Feudal Age |
| 7:51 | Investigar | Feudal Age |
| 8:20 | Construir | Mining Camp |
| 9:17 | Construir | House |
| 10:06 | Crear | Villager (Male) |
| 10:06 | Edad | Edad Feudal |
| 10:11 | Crear | Villager (Male) |
| 10:13 | Construir | Blacksmith |
| 10:15 | Crear | Villager (Male) |
| 10:18 | Construir | Market |
| 10:19 | Crear | Villager (Male) |
| 10:24 | Construir | Barracks |
| 10:35 | Crear | Villager (Male) |
| 11:26 | Investigar | Castle Age |
| 11:26 | Investigar | Castle Age |
| 11:33 | Construir | Archery Range |
| 11:44 | Construir | House |
| 12:10 | Crear | Villager (Male) |
| 12:53 | Crear | Archer |
| 13:37 | Construir | Farm |
| 13:39 | Construir | Farm |
| 13:40 | Investigar | Fletching |
| 13:53 | Investigar | Double-Bit Axe |
| 14:06 | Edad | Edad de los Castillos |
| 14:07 | Crear | Cavalry Archer |
| 14:19 | Crear | Cavalry Archer |
| 14:19 | Crear | Villager (Male) |
| 14:22 | Construir | House |
| 14:24 | Construir | House |
| 14:24 | Crear | Villager (Male) |
| 14:30 | Crear | Villager (Male) |
| 14:33 | Construir | House |
| 14:34 | Construir | Palisade Wall |
| 14:35 | Investigar | Bodkin Arrow |
| 14:36 | Investigar | Bodkin Arrow |
| 15:06 | Investigar | Loom |
| 15:06 | Investigar | Loom |
| 15:11 | Construir | House |
| 15:24 | Crear | Cavalry Archer |
| 15:27 | Construir | House |
| 15:31 | Crear | Villager (Male) |
| 15:33 | Crear | Cavalry Archer |
| 15:37 | Construir | Farm |
| 15:38 | Construir | Farm |
| 16:06 | Construir | Farm |
| 16:07 | Construir | Farm |
| 16:17 | Crear | Villager (Male) |
| 16:22 | Crear | Villager (Male) |
| 16:22 | Crear | Cavalry Archer |
| 16:31 | Crear | Villager (Male) |
| 16:37 | Crear | Villager (Male) |
| 16:41 | Crear | Cavalry Archer |
| 16:43 | Crear | Villager (Male) |
| 17:00 | Crear | Cavalry Archer |
| 17:05 | Crear | Cavalry Archer |
| 17:16 | Crear | Villager (Male) |
| 17:17 | Crear | Cavalry Archer |
| 17:17 | Crear | Villager (Male) |
| 17:31 | Crear | Cavalry Archer |
| 17:39 | Crear | Cavalry Archer |
| 17:40 | Crear | Villager (Male) |
| 17:47 | Construir | Town Center |
| 17:53 | Crear | Cavalry Archer |
| 18:09 | Crear | Cavalry Archer |
| 18:10 | Crear | Villager (Male) |
| 18:11 | Crear | Cavalry Archer |
| 18:18 | Crear | Cavalry Archer |
| 18:18 | Crear | Villager (Male) |
| 18:35 | Crear | Cavalry Archer |
| 18:53 | Crear | Cavalry Archer |
| 19:10 | Crear | Villager (Male) |
| 19:26 | Crear | Cavalry Archer |
| 19:36 | Construir | Archery Range |
| 19:37 | Crear | Villager (Male) |
| 19:51 | Investigar | Horse Collar |
| 19:51 | Investigar | Horse Collar |
| 19:51 | Crear | Villager (Male) |
| 19:55 | Crear | Cavalry Archer |
| 20:03 | Construir | Town Center |
| 20:19 | Construir | Farm |
| 20:20 | Construir | Farm |
| 20:20 | Construir | Farm |
| 20:21 | Crear | Villager (Male) |
| 20:31 | Crear | Villager (Male) |
| 20:57 | Crear | Cavalry Archer |
| 21:11 | Crear | Cavalry Archer |
| 21:11 | Crear | Cavalry Archer |
| 21:11 | Crear | Villager (Male) |
| 21:11 | Crear | Villager (Male) |
| 21:12 | Crear | Villager (Male) |
| 21:24 | Crear | Cavalry Archer |
| 21:30 | Crear | Cavalry Archer |
| 21:31 | Crear | Villager (Male) |
| 21:32 | Crear | Villager (Male) |
| 21:35 | Construir | Farm |
| 21:36 | Construir | Farm |
| 21:36 | Crear | Villager (Male) |
| 21:39 | Construir | Farm |
| 21:44 | Construir | Farm |
| 21:57 | Crear | Villager (Male) |
| 21:58 | Crear | Villager (Male) |
| 22:01 | Crear | Villager (Male) |
| 22:03 | Construir | House |
| 22:06 | Investigar | Bow Saw |
| 22:07 | Investigar | Bow Saw |
| 22:09 | Construir | House |
| 22:20 | Construir | Lumber Camp |
| 22:31 | Crear | Villager (Male) |
| 22:40 | Crear | Villager (Male) |
| 22:48 | Crear | Villager (Male) |
| 22:54 | Crear | Villager (Male) |
| 22:57 | Construir | Farm |
| 22:58 | Construir | Farm |
Build order — LM | MaisterNippon
Primeras 150 de 383 acciones detectadas
| 0:01 | Crear | Villager (Male) |
| 0:01 | Crear | Villager (Male) |
| 0:02 | Crear | Villager (Male) |
| 0:02 | Crear | Villager (Male) |
| 0:03 | Construir | House |
| 0:05 | Construir | House |
| 1:15 | Crear | Villager (Male) |
| 1:15 | Crear | Villager (Male) |
| 1:42 | Crear | Villager (Male) |
| 2:16 | Crear | Villager (Male) |
| 2:29 | Crear | Villager (Male) |
| 2:53 | Crear | Villager (Male) |
| 2:53 | Crear | Villager (Male) |
| 3:18 | Crear | Villager (Male) |
| 3:38 | Crear | Villager (Male) |
| 3:51 | Construir | House |
| 3:52 | Construir | House |
| 4:09 | Crear | Villager (Male) |
| 4:26 | Crear | Villager (Male) |
| 4:36 | Construir | House |
| 4:50 | Crear | Villager (Male) |
| 5:06 | Crear | Villager (Male) |
| 5:23 | Crear | Villager (Male) |
| 5:25 | Construir | Mill |
| 6:31 | Crear | Villager (Male) |
| 6:55 | Crear | Villager (Male) |
| 7:23 | Construir | Farm |
| 7:24 | Crear | Villager (Male) |
| 7:25 | Construir | Farm |
| 7:35 | Construir | Farm |
| 7:49 | Crear | Villager (Male) |
| 7:50 | Crear | Villager (Male) |
| 7:53 | Construir | Farm |
| 8:05 | Construir | Mule Cart |
| 8:19 | Crear | Villager (Male) |
| 8:56 | Investigar | Feudal Age |
| 8:59 | Construir | Farm |
| 9:48 | Construir | Barracks |
| 10:41 | Crear | Villager (Male) |
| 11:11 | Crear | Villager (Male) |
| 11:21 | Edad | Edad Feudal |
| 11:30 | Construir | Stable |
| 11:31 | Construir | Blacksmith |
| 12:08 | Crear | Spearman |
| 12:12 | Investigar | Castle Age |
| 12:12 | Investigar | Castle Age |
| 12:15 | Construir | Farm |
| 12:32 | Construir | House |
| 12:35 | Crear | Scout Cavalry |
| 12:52 | Crear | Scout Cavalry |
| 12:57 | Construir | House |
| 13:04 | Investigar | Double-Bit Axe |
| 13:09 | Construir | Palisade Wall |
| 13:10 | Construir | Palisade Wall |
| 13:13 | Construir | Palisade Wall |
| 13:20 | Construir | House |
| 13:23 | Construir | Palisade Wall |
| 13:33 | Crear | Scout Cavalry |
| 13:35 | Construir | Farm |
| 13:36 | Construir | Farm |
| 13:42 | Crear | Villager (Male) |
| 13:45 | Construir | Farm |
| 13:46 | Construir | Farm |
| 14:02 | Crear | Scout Cavalry |
| 14:29 | Crear | Villager (Male) |
| 14:49 | Crear | Villager (Male) |
| 14:52 | Edad | Edad de los Castillos |
| 15:02 | Crear | Villager (Male) |
| 15:08 | Crear | Knight |
| 15:14 | Construir | Siege Workshop |
| 15:15 | Crear | Villager (Male) |
| 15:20 | Investigar | Horse Collar |
| 15:28 | Construir | Farm |
| 15:29 | Construir | Farm |
| 15:31 | Crear | Villager (Male) |
| 16:05 | Crear | Mangonel |
| 16:14 | Crear | Villager (Male) |
| 16:41 | Crear | Villager (Male) |
| 17:06 | Crear | Villager (Male) |
| 17:11 | Crear | Knight |
| 17:24 | Crear | Villager (Male) |
| 17:30 | Construir | Farm |
| 17:39 | Crear | Villager (Male) |
| 17:40 | Construir | Monastery |
| 18:17 | Crear | Villager (Male) |
| 18:21 | Construir | Town Center |
| 18:27 | Crear | Villager (Male) |
| 18:36 | Crear | Knight |
| 18:48 | Crear | Villager (Male) |
| 18:49 | Construir | Farm |
| 18:50 | Construir | Farm |
| 18:51 | Crear | Monk |
| 19:03 | Crear | Villager (Male) |
| 19:20 | Crear | Villager (Male) |
| 19:23 | Construir | Farm |
| 19:34 | Crear | Villager (Male) |
| 19:37 | Construir | Farm |
| 19:51 | Crear | Villager (Male) |
| 19:53 | Crear | Villager (Male) |
| 19:56 | Construir | House |
| 19:58 | Construir | Farm |
| 20:03 | Crear | Villager (Male) |
| 20:06 | Construir | Farm |
| 20:12 | Crear | Villager (Male) |
| 20:14 | Construir | Farm |
| 20:15 | Construir | Farm |
| 20:18 | Crear | Villager (Male) |
| 20:32 | Crear | Villager (Male) |
| 20:34 | Construir | Farm |
| 20:35 | Construir | Farm |
| 20:44 | Construir | House |
| 20:44 | Crear | Villager (Male) |
| 20:48 | Construir | Farm |
| 21:09 | Construir | Palisade Wall |
| 21:17 | Crear | Villager (Male) |
| 21:19 | Construir | Farm |
| 21:21 | Crear | Knight |
| 21:25 | Crear | Villager (Male) |
| 21:34 | Construir | Town Center |
| 21:35 | Crear | Villager (Male) |
| 21:41 | Crear | Villager (Male) |
| 21:49 | Construir | House |
| 21:54 | Crear | Villager (Male) |
| 22:02 | Crear | Villager (Male) |
| 22:25 | Crear | Villager (Male) |
| 22:34 | Construir | Market |
| 22:39 | Crear | Villager (Male) |
| 22:55 | Crear | Villager (Male) |
| 22:55 | Crear | Villager (Male) |
| 22:57 | Construir | Farm |
| 22:57 | Construir | Farm |
| 22:58 | Construir | Farm |
| 22:59 | Crear | Villager (Male) |
| 23:06 | Construir | Palisade Wall |
| 23:07 | Construir | Palisade Wall |
| 23:08 | Construir | Palisade Wall |
| 23:09 | Construir | Palisade Wall |
| 23:12 | Crear | Villager (Male) |
| 23:18 | Crear | Villager (Male) |
| 23:22 | Crear | Knight |
| 23:29 | Construir | Farm |
| 23:30 | Crear | Monk |
| 23:32 | Crear | Villager (Male) |
| 23:34 | Construir | Farm |
| 23:36 | Crear | Knight |
| 23:41 | Crear | Battering Ram |
| 23:56 | Construir | House |
| 24:09 | Crear | Villager (Male) |
| 24:11 | Construir | House |
| 24:25 | Construir | House |
Cronología de la partida
| 4:07 | 4 doors more whores · wall_segment Palisade Wall x1 |
| 5:57 | deev · first_building Barracks |
| 8:14 | Molle · wall_segment Palisade Wall x1 |
| 8:15 | Molle · wall_segment Palisade Wall x1 |
| 8:21 | KekB_Perce1992 · first_building Donjon |
| 8:26 | 4 doors more whores · age_up feudal |
| 8:50 | 4 doors more whores · wall_segment Palisade Wall x1 |
| 8:51 | KekB_Perce1992 · age_up feudal |
| 8:52 | Molle · age_up feudal |
| 8:56 | 4 doors more whores · wall_segment Palisade Wall x1 |
| 9:16 | deev · age_up feudal |
| 9:25 | deev · first_building Archery Range |
| 9:48 | LM | MaisterNippon · first_building Barracks |
| 10:06 | MrLokura · age_up feudal |
| 10:24 | MrLokura · first_building Barracks |
| 11:18 | KekB_Perce1992 · first_building Archery Range |
| 11:21 | facu · age_up feudal |
| 11:21 | LM | MaisterNippon · age_up feudal |
| 11:30 | LM | MaisterNippon · first_building Stable |
| 11:33 | MrLokura · first_building Archery Range |
| 11:55 | Ux'LobodeLaNieve · age_up feudal |
| 12:23 | Molle · wall_segment Stone Wall x1 |
| 13:09 | LM | MaisterNippon · wall_segment Palisade Wall x1 |
| 13:10 | LM | MaisterNippon · wall_segment Palisade Wall x1 |
| 13:13 | LM | MaisterNippon · wall_segment Palisade Wall x1 |
| 13:23 | LM | MaisterNippon · wall_segment Palisade Wall x1 |
| 14:06 | MrLokura · age_up castle |
| 14:06 | Molle · wall_segment Stone Wall x6 |
| 14:10 | Molle · wall_segment Stone Wall x8 |
| 14:25 | 4 doors more whores · wall_segment Palisade Wall x1 |
| 14:34 | MrLokura · wall_segment Palisade Wall x7 |
| 14:45 | Molle · wall_segment Stone Wall x6 |
| 14:52 | LM | MaisterNippon · age_up castle |
| 14:52 | Molle · wall_segment Stone Wall x9 |
| 14:53 | facu · age_up castle |
| 15:14 | LM | MaisterNippon · first_building Siege Workshop |
| 15:50 | Ux'LobodeLaNieve · age_up castle |
| 15:58 | Ux'LobodeLaNieve · first_building Castle |
| 16:03 | 4 doors more whores · wall_segment Palisade Wall x1 |
| 16:05 | 4 doors more whores · wall_segment Palisade Wall x1 |
| 16:07 | 4 doors more whores · wall_segment Palisade Wall x1 |
| 16:08 | 4 doors more whores · wall_segment Palisade Wall x1 |
| 16:45 | Ux'LobodeLaNieve · first_market_buy 100 food |
| 16:54 | 4 doors more whores · wall_segment Palisade Wall x1 |
| 16:55 | 4 doors more whores · wall_segment Palisade Wall x1 |
| 17:40 | LM | MaisterNippon · first_building Monastery |
| 18:04 | Molle · wall_segment Stone Wall x6 |
| 18:05 | Molle · wall_segment Stone Wall x9 |
| 18:12 | KekB_Perce1992 · first_building Barracks |
| 18:13 | 4 doors more whores · first_building Barracks |
| 18:21 | facu · first_building Siege Workshop |
| 18:35 | 4 doors more whores · wall_segment Palisade Wall x1 |
| 18:36 | 4 doors more whores · wall_segment Palisade Wall x1 |
| 18:51 | facu · first_building Monastery |
| 18:51 | 4 doors more whores · wall_segment Palisade Wall x1 |
| 18:54 | 4 doors more whores · wall_segment Palisade Wall x1 |
| 18:56 | 4 doors more whores · wall_segment Palisade Wall x1 |
| 18:58 | 4 doors more whores · wall_segment Palisade Wall x1 |
| 20:01 | Molle · first_market_buy 100 wood |
| 20:12 | Molle · age_up castle |
| 20:45 | Molle · wall_segment Stone Wall x7 |
| 20:50 | 4 doors more whores · first_building Stable |
| 21:09 | LM | MaisterNippon · wall_segment Palisade Wall x1 |
| 21:22 | facu · first_market_sell 100 wood |
| 22:42 | KekB_Perce1992 · wall_segment Stone Wall x2 |
| 22:49 | KekB_Perce1992 · wall_segment Stone Wall x22 |
| 22:56 | 4 doors more whores · age_up castle |
| 22:58 | KekB_Perce1992 · first_market_buy 100 food |
| 23:01 | KekB_Perce1992 · first_market_sell 100 wood |
| 23:06 | Molle · wall_segment Stone Wall x10 |
| 23:06 | LM | MaisterNippon · wall_segment Palisade Wall x1 |
| 23:07 | LM | MaisterNippon · wall_segment Palisade Wall x1 |
| 23:08 | LM | MaisterNippon · wall_segment Palisade Wall x1 |
| 23:09 | 4 doors more whores · first_building Castle |
| 23:09 | LM | MaisterNippon · wall_segment Palisade Wall x1 |
| 23:22 | Molle · wall_segment Stone Wall x16 |
| 23:33 | Molle · wall_segment Stone Wall x12 |
| 23:39 | Molle · wall_segment Stone Wall x3 |
| 23:40 | Molle · wall_segment Stone Wall x3 |
| 23:47 | KekB_Perce1992 · wall_segment Stone Wall x1 |
| 23:47 | KekB_Perce1992 · wall_segment Stone Wall x1 |
| 23:48 | KekB_Perce1992 · wall_segment Stone Wall x1 |
| 23:51 | 4 doors more whores · first_building Siege Workshop |
| 23:57 | deev · age_up castle |
| 24:06 | KekB_Perce1992 · wall_segment Stone Wall x15 |
| 24:06 | MrLokura · first_building Stable |
| 24:16 | LM | MaisterNippon · first_market_buy 100 wood |
| 24:22 | 4 doors more whores · first_market_sell 100 food |
| 24:23 | 4 doors more whores · first_market_buy 100 wood |
| 24:34 | LM | MaisterNippon · first_market_sell 100 wood |
| 25:10 | MrLokura · first_market_buy 100 food |
| 25:19 | Molle · first_building Monastery |
| 25:24 | 4 doors more whores · wall_segment Stone Wall x8 |
| 25:27 | 4 doors more whores · wall_segment Stone Wall x14 |
| 25:53 | KekB_Perce1992 · wall_segment Stone Wall x1 |
| 25:54 | KekB_Perce1992 · wall_segment Stone Wall x1 |
| 25:55 | KekB_Perce1992 · age_up castle |
| 26:39 | facu · first_building Castle |
| 26:47 | Molle · first_building Siege Workshop |
| 26:49 | facu · first_market_buy 100 stone |
| 26:53 | KekB_Perce1992 · first_building Siege Workshop |
| 27:23 | 4 doors more whores · wall_segment Stone Wall x9 |
| 27:43 | 4 doors more whores · wall_segment Stone Wall x5 |
| 27:51 | Molle · first_building Castle |
| 27:58 | Ux'LobodeLaNieve · first_market_sell 500 wood |
| 28:23 | Molle · wall_segment Stone Wall x15 |
| 28:46 | Molle · wall_segment Stone Wall x10 |
| 29:31 | facu · age_up imperial |
| 30:01 | Molle · first_market_sell 500 wood |
| 30:23 | Molle · wall_segment Stone Wall x1 |
| 30:33 | deev · first_building Castle |
| 30:38 | MrLokura · first_market_sell 500 wood |
| 30:46 | Molle · wall_segment Stone Wall x1 |
| 30:49 | Molle · wall_segment Stone Wall x2 |
| 30:51 | facu · first_building Barracks |
| 30:58 | Molle · wall_segment Stone Wall x1 |
| 30:58 | MrLokura · first_building Monastery |
| 31:02 | Molle · first_building Barracks |
| 31:20 | Ux'LobodeLaNieve · age_up imperial |
| 32:00 | Molle · first_building Stable |
| 32:31 | facu · first_building Archery Range |
| 32:59 | facu · wall_segment Stone Wall x19 |
| 33:15 | LM | MaisterNippon · first_building Castle |
| 33:17 | Molle · age_up imperial |
| 33:31 | Ux'LobodeLaNieve · first_building Barracks |
| 33:47 | Molle · wall_segment Stone Wall x23 |
| 34:14 | Ux'LobodeLaNieve · first_building Archery Range |
| 34:40 | Molle · first_building Archery Range |
| 34:54 | MrLokura · age_up imperial |
| 35:01 | deev · first_market_sell 100 food |
| 35:03 | Molle · wall_segment Stone Wall x12 |
| 35:13 | Molle · wall_segment Stone Wall x6 |
| 35:18 | Molle · wall_segment Stone Wall x12 |
| 35:35 | LM | MaisterNippon · age_up imperial |
| 36:38 | Molle · resign |
[ ANÁLISIS IA · 1 CRÉDITO ]
¿Qué pasó realmente en esta partida?
Wolo.gg analiza cada decisión: build order, eco, micro, errores típicos por bracket. Análisis personalizado por WhatsApp o Discord en 30 segundos.
Guía civ
Muiscas
Perfil
Jugador #25040960